[Event "Late Titled Tuesday Blitz February 8 2022"]
[White "Nikologorsky, Matfei"]
[Black "Barp, Alberto"]
[WhiteFideId "24102474"]
[BlackFideId "872555"]
[WhiteElo "2231"]
[BlackElo "2229"]
[Result "1-0"]
[Round "04"]
[TimeControl "180+1"]
[Date "2022.02.09"]
[WhiteClock "0:00:27"]
[BlackClock "0:00:07"]

1. e4 c6 2. d4 d5 3. Nc3 dxe4 4. Nxe4 Bf5 5. Ng3 Bg6 6. Bc4 Nf6 7. h4 h6 8. N1e2 Nbd7 9. Nf4 Bh7 10. O-O Qc7 11. Re1 g5 12. hxg5 hxg5 13. Nh3 g4 14. Nf4 Nb6 15. Bb3 Nbd5 16. Nxd5 Nxd5 17. Qxg4 e6 18. c4 Nf6 19. Qf4 Qxf4 20. Bxf4 O-O-O 21. Be5 Bg7 22. d5 c5 23. dxe6 fxe6 24. Rad1 b6 25. Ba4 Rhg8 26. Rxd8+ Rxd8 27. Bxf6 Bxf6 28. Rxe6 Bxb2 29. Bc6 Bd3 30. Bd5 b5 31. Rc6+ Kb8 32. Rxc5 bxc4 33. Bxc4 Bxc4 34. Rxc4 Bd4 35. Ne4 Bb6 36. g3 Kb7 37. Kg2 Ka6 38. a4 Ka5 39. f4 Rd3 40. g4 Re3 41. g5 1-0


[Site "https://www.chess.com"]

[Event "Late Titled Tuesday Blitz February 8 2022"]
[White "Nilsen, Tobias Lang"]
[Black "Prieto Aranguren, Alain"]
[WhiteFideId "1521624"]
[BlackFideId "2268906"]
[WhiteElo "2013"]
[BlackElo "2235"]
[Result "0-1"]
[Round "04"]
[TimeControl "180+1"]
[Date "2022.02.09"]
[WhiteClock "0:00:12"]
[BlackClock "0:00:21"]

1. f4 d6 2. Nf3 Nf6 3. g3 g6 4. Bg2 Bg7 5. O-O O-O 6. d3 Nc6 7. Nc3 e5 8. e4 a6 9. h3 Nh5 10. Qe1 Bd7 11. f5 gxf5 12. exf5 d5 13. g4 d4 14. Ne4 Nf4 15. Qg3 Nxg2 16. Kxg2 f6 17. h4 Kh8 18. Rh1 Rg8 19. Kf2 Nb4 20. g5 Nxc2 21. g6 Bxf5 22. gxh7 Bxh7 23. Nfg5 fxg5 24. hxg5 Rf8+ 25. Ke2 Qd7 26. g6 Qf5 27. Rb1 Ne3 28. Rxh7+ Kg8 29. Bxe3 dxe3 30. Rbh1 Rad8 31. R7h5 Qd7 32. Rh8+ Bxh8 33. Rxh8+ Kxh8 34. g7+ Qxg7 35. Qh3+ Kg8 36. Qe6+ Qf7 37. Nf6+ Kg7 38. Qg4+ Kxf6 39. Qh4+ Ke6 40. Qc4+ Kd7 0-1


[Site "https://www.chess.com"]

[Event "Late Titled Tuesday Blitz February 8 2022"]
[White "Novikov, Evgenij"]
[Black "Stanisz, Patryk"]
[WhiteFideId "4125380"]
[BlackFideId "1123106"]
[WhiteElo "2242"]
[BlackElo "1876"]
[Result "1-0"]
[Round "04"]
[TimeControl "180+1"]
[Date "2022.02.09"]
[WhiteClock "0:00:08"]
[BlackClock "0:00:01"]

1. e4 c5 2. d4 cxd4 3. c3 Nf6 4. e5 Nd5 5. cxd4 Nc6 6. Nc3 Nxc3 7. bxc3 d5 8. Bd3 e6 9. Ne2 Be7 10. O-O Bd7 11. f4 g6 12. Rb1 b6 13. Rf3 Rc8 14. Bd2 Na5 15. Qf1 Nc4 16. Be1 Qc7 17. Rh3 Qb7 18. g4 Qa6 19. f5 Bg5 20. fxe6 Bxe6 21. Nf4 Bxg4 22. Rg3 h5 23. Rxg4 hxg4 24. Nxg6 Be3+ 25. Kh1 Rh6 26. Qf6 Rc7 27. Bh4 Rd7 28. e6 Rxg6 29. exd7+ Kxd7 30. Qxf7+ Kc6 31. Qxg6+ Kc7 32. Bg3+ Kc8 33. Qe8+ Kb7 34. Qd7+ Ka8 35. Qxd5+ 1-0


[Site "https://www.chess.com"]

[Event "Late Titled Tuesday Blitz February 8 2022"]
[White "Novikova, Galina"]
[Black "Martinez Reyes, Pedro Ramon"]
[WhiteFideId "4157095"]
[BlackFideId "3901807"]
[WhiteElo "1863"]
[BlackElo "2410"]
[Result "0-1"]
[Round "04"]
[TimeControl "180+1"]
[Date "2022.02.09"]
[WhiteClock "0:00:02"]
[BlackClock "0:00:50"]

1. e4 Nc6 2. Nf3 d6 3. d4 Nf6 4. Nc3 g6 5. h3 Bg7 6. Be3 O-O 7. Qd2 Rb8 8. Bh6 Bxh6 9. Qxh6 e5 10. d5 Nd4 11. O-O-O c5 12. dxc6 bxc6 13. Bc4 a5 14. Bb3 c5 15. Nd5 Be6 16. Nxd4 cxd4 17. Nxf6+ Qxf6 18. Bxe6 fxe6 19. f3 Qe7 20. h4 Qb7 21. b3 Qg7 22. Qg5 Qf6 23. Qxf6 Rxf6 24. h5 a4 25. hxg6 Rxg6 26. Rd2 axb3 27. axb3 Ra8 28. Kb2 Rg7 29. Ra1 Rxa1 30. Kxa1 Ra7+ 31. Kb2 h5 32. b4 Kf7 33. Kb3 Ke7 34. Rd1 Ra8 35. Rh1 Rh8 36. b5 Kd7 37. Kb4 Kc7 38. Ra1 Rg8 39. Ra7+ Kb6 40. Ra6+ Kc7 41. Ka5 Rxg2 42. Ra7+ Kb8 43. Kb6 Rxc2 44. Rh7 Rc8 45. Rb7+ Ka8 46. Ra7+ Kb8 47. Rb7+ Ka8 48. Ka6 Rc1 49. Ra7+ Kb8 50. Rh7 Rc7 51. Rh8+ Rc8 52. Rh7 Rf8 53. Rb7+ Kc8 54. b6 Rxf3 55. Rc7+ Kb8 56. Rb7+ Kc8 57. Rc7+ Kd8 58. Rh7 Ra3+ 59. Kb5 d3 60. Kc6 d2 61. b7 Rb3 62. Rh8+ Ke7 63. Rh7+ Kf6 64. Rh6+ Kg5 65. Rxe6 d1=Q 66. Rxd6 Rc3+ 67. Kd7 Rd3 0-1


[Site "https://www.chess.com"]

[Event "Late Titled Tuesday Blitz February 8 2022"]
[White "Oro, Luis"]
[Black "Morris-Suzuki, Sophie"]
[WhiteFideId "104094"]
[BlackFideId "30922615"]
[WhiteElo "2283"]
[BlackElo "2441"]
[Result "1-0"]
[Round "04"]
[TimeControl "180+1"]
[Date "2022.02.09"]
[WhiteClock "0:00:04"]
[BlackClock "0:00:06"]

1. e4 c5 2. Nf3 e6 3. d4 cxd4 4. Nxd4 Nc6 5. c4 Nf6 6. Nc3 Bb4 7. Nxc6 bxc6 8. Bd3 d5 9. exd5 Bxc3+ 10. bxc3 cxd5 11. O-O O-O 12. Qe2 Bb7 13. Bg5 h6 14. Bh4 Rc8 15. f3 Re8 16. cxd5 Bxd5 17. Rac1 Qb6+ 18. Bf2 Qc7 19. c4 Bc6 20. Rfd1 Nd7 21. Qb2 Ne5 22. Be2 Rb8 23. Qc3 Ng6 24. Bd3 Nf4 25. Bg3 e5 26. Bf1 Qe7 27. c5 Qg5 28. Rd6 Nd5 29. Qe1 Rbc8 30. Rb1 h5 31. Ba6 Rc7 32. Bd3 Nf4 33. Bf1 Qe7 34. Bh4 f6 35. Bg3 g5 36. h4 gxh4 37. Bxh4 Rf8 38. Qg3+ Qg7 39. Qf2 Qg6 40. Qd2 Nh3+ 41. Kh2 Nf4 42. Bg3 f5 43. Bxf4 Qf7 44. Bxe5 Qe7 45. Bf4 Qf7 46. Bg5 Re8 47. Rc1 Rd7 48. Bc4 Rxd6 49. Bxf7+ Kxf7 50. Qxd6 Re6 51. Qc7+ Kg6 52. Qd8 Re8 53. Qf6+ Kh7 54. Qh6+ Kg8 55. Qg6+ Kf8 56. Qxc6 Kf7 57. Qd7+ Kf8 58. Bh6+ Kg8 59. Qg7# 1-0


[Site "https://www.chess.com"]

[Event "Late Titled Tuesday Blitz February 8 2022"]
[White "Ortiz Verdezoto, Anahi"]
[Black "Fier, Alexandr"]
[WhiteFideId "3614581"]
[BlackFideId "2107139"]
[WhiteElo "1785"]
[BlackElo "2569"]
[Result "0-1"]
[Round "04"]
[TimeControl "180+1"]
[Date "2022.02.09"]
[WhiteClock "0:00:01"]
[BlackClock "0:00:36"]

1. d4 Nf6 2. c4 c5 3. d5 e6 4. Nc3 exd5 5. cxd5 d6 6. e4 g6 7. Bg5 Bg7 8. Nf3 O-O 9. Bd3 Re8 10. O-O a6 11. a4 Nbd7 12. Qd2 Qc7 13. Rac1 c4 14. Bc2 Nc5 15. Rfe1 Bd7 16. e5 dxe5 17. d6 Qb6 18. Nxe5 Qxb2 19. Nxc4 Qb4 20. Ne5 Be6 21. Rb1 Qa5 22. Be3 Ncd7 23. Bd4 Nxe5 24. Rxe5 Qd8 25. Bb6 Qd7 26. a5 Ng4 27. Ree1 Qc6 28. Ne4 Rac8 29. Bd1 Ne5 30. Bd4 Nc4 31. Qd3 Qd5 32. Bf3 Qxd4 33. Qxd4 Bxd4 34. Rbd1 Bg7 35. d7 Bxd7 36. Rxd7 f5 37. Bd1 fxe4 38. Bb3 Kh8 39. f3 e3 40. Kf1 Nd2+ 0-1


[Site "https://www.chess.com"]

[Event "Late Titled Tuesday Blitz February 8 2022"]
[White "Ozates, Tuna"]
[Black "Wan, Joseph"]
[WhiteFideId "6354521"]
[BlackFideId "2069890"]
[WhiteElo "1872"]
[BlackElo "2149"]
[Result "1-0"]
[Round "04"]
[TimeControl "180+1"]
[Date "2022.02.09"]
[WhiteClock "0:00:07"]
[BlackClock "0:00:08"]

1. c4 b6 2. Nc3 Bb7 3. e4 e6 4. d4 Bb4 5. Bd3 f5 6. Qe2 Nf6 7. f3 Nc6 8. Be3 e5 9. dxe5 Nxe5 10. Bd4 Nxd3+ 11. Qxd3 fxe4 12. fxe4 Bxe4 13. Qg3 O-O 14. O-O-O Bd6 15. Be5 Bxe5 16. Qxe5 Bxg2 17. Nge2 Bxh1 18. Rxh1 Qe8 19. Qxc7 Qe3+ 20. Kb1 Qd3+ 21. Ka1 Rae8 22. Rd1 Qc2 23. Nd4 Qg2 24. Qxa7 Qg4 25. Qxb6 Ne4 26. Nde2 Nf2 27. Rg1 Qf3 28. Qd4 Rf7 29. Ng3 Nh3 30. Rd1 h6 31. a4 Kh8 32. a5 Ra8 33. b4 Rf4 34. Qd3 Qb7 35. Nb5 Nf2 36. Qe3 Rf3 37. Qd4 Nxd1 38. Nh5 Rf7 39. Nd6 Qxb4 40. Nxf7+ 1-0


[Site "https://www.chess.com"]

[Event "Late Titled Tuesday Blitz February 8 2022"]
[White "Pakleza, Zbigniew"]
[Black "Yoo, Christopher Woojin"]
[WhiteFideId "1119290"]
[BlackFideId "30909694"]
[WhiteElo "2467"]
[BlackElo "2105"]
[Result "0-1"]
[Round "04"]
[TimeControl "180+1"]
[Date "2022.02.08"]
[WhiteClock "0:00:04"]
[BlackClock "0:00:19"]

1. d4 Nf6 2. Nf3 d5 3. Bf4 Bf5 4. e3 e6 5. Bd3 Ne4 6. Nbd2 c5 7. c3 Nxc3 8. Qc2 Bxd3 9. Qxd3 Na4 10. Qb3 Nb6 11. dxc5 Bxc5 12. Rc1 N8d7 13. Ne5 Rc8 14. O-O O-O 15. a4 Nxe5 16. Bxe5 Nd7 17. Bg3 Qb6 18. a5 Qb4 19. Qxb4 Bxb4 20. Nb3 Rc4 21. Ra1 Rfc8 22. a6 bxa6 23. Rxa6 Nc5 24. Nxc5 Bxc5 25. Rb1 Bb6 26. h4 Rb4 27. h5 h6 28. Kh2 Rc2 29. Ra2 a5 30. Kh3 f6 31. Bd6 Rb3 32. Bg3 Kf7 33. Kg4 e5 34. Kh3 Ke6 35. Kh2 f5 36. Kh3 f4 37. Bh4 fxe3 38. fxe3 Rxe3+ 39. Kh2 Ree2 40. Rg1 Bxg1+ 0-1


[Site "https://www.chess.com"]

[Event "Late Titled Tuesday Blitz February 8 2022"]
[White "Papasimakopoulos, Alexandros"]
[Black "Musovic, Armin"]
[WhiteFideId "4244125"]
[BlackFideId "939935"]
[WhiteElo "2767"]
[BlackElo "2548"]
[Result "1-0"]
[Round "04"]
[TimeControl "180+1"]
[Date "2022.02.09"]
[WhiteClock "0:00:10"]
[BlackClock "0:00:05"]

1. d4 d5 2. c4 c5 3. cxd5 e6 4. dxc5 Nf6 5. Nc3 Bxc5 6. Nf3 exd5 7. Bg5 d4 8. Nb1 O-O 9. g3 h6 10. Bxf6 Qxf6 11. Bg2 Re8 12. O-O Nc6 13. Nbd2 Bf5 14. a3 a5 15. Rc1 Ba7 16. Nb3 Rad8 17. Nc5 Re7 18. Nh4 Rde8 19. Nxb7 Be4 20. Nc5 Bxg2 21. Nxg2 Rxe2 22. Nd3 g5 23. Rc2 R2e7 24. h4 Ne5 25. Nxe5 Rxe5 26. Qd3 Rf5 27. hxg5 Rxg5 28. Re1 Rd8 29. Rce2 Bc5 30. Re4 Rb8 31. R1e2 a4 32. Re8+ Rxe8 33. Rxe8+ Kg7 34. Re4 Qb6 35. Re2 Qb3 36. Qxb3 axb3 37. Nf4 Bd6 38. Nd3 Ra5 39. Re4 Ra4 40. Re8 Kf6 41. Rc8 Ke6 42. Rc6 Kd5 43. Rb6 Kc4 44. Nc1 Bxa3 45. Nxb3 Bxb2 46. Nd2+ Kc3 47. Ne4+ Kc2 48. Rc6+ Kb1 49. Rxh6 d3 50. f3 Kc2 51. Rc6+ Kd1 52. Rd6 Kc2 53. Rc6+ Kb1 54. Kf2 Ra2 55. Ke3 Bc1+ 56. Kxd3 Ra3+ 57. Nc3+ Kb2 58. Rb6+ Ka1 59. Rb1# 1-0


[Site "https://www.chess.com"]

[Event "Late Titled Tuesday Blitz February 8 2022"]
[White "Papp, Petra"]
[Black "Garriga Cazorla, Pere"]
[WhiteFideId "739049"]
[BlackFideId "32011601"]
[WhiteElo "2259"]
[BlackElo "2458"]
[Result "0-1"]
[Round "04"]
[TimeControl "180+1"]
[Date "2022.02.09"]
[WhiteClock "0:00:02"]
[BlackClock "0:01:20"]

1. d4 Nf6 2. c4 c5 3. d5 e6 4. Nc3 exd5 5. cxd5 d6 6. e4 g6 7. h3 Bg7 8. Nf3 Nbd7 9. Bf4 O-O 10. Bd3 a6 11. O-O Qe7 12. a4 Nh5 13. Bg5 Bf6 14. Qd2 Re8 15. Rfe1 Bxg5 16. Qxg5 Qxg5 17. Nxg5 Ne5 18. Be2 Nf4 19. Kh2 Bd7 20. a5 Rab8 21. Nf3 Nxf3+ 22. Bxf3 b5 23. axb6 Rxb6 24. Ra2 Reb8 25. Na4 Rb4 26. Nc3 Bc8 27. e5 Nd3 28. Rea1 Nxe5 29. Be2 Rxb2 30. Bxa6 Bxa6 31. Rxb2 Rxb2 32. Rxa6 Nc4 33. Ne4 Rb6 34. Rxb6 Nxb6 35. Nxd6 Nxd5 36. Kg3 Kf8 37. Kf3 Ke7 38. Ne4 c4 39. h4 h6 40. g4 Ke6 41. g5 h5 42. Ke2 Ne7 43. Ke3 Nf5+ 44. Kd2 Nxh4 45. Kc3 Ke5 46. Nf6 Nf3 47. Kxc4 Nxg5 48. Nd7+ Kf4 49. Nc5 h4 50. Kd5 h3 51. Nd3+ Kf3 52. Ne5+ Kxf2 53. Kd6 f5 0-1


[Site "https://www.chess.com"]

[Event "Late Titled Tuesday Blitz February 8 2022"]
[White "Peatman, Carter"]
[Black "Vargas Pereda, Jesus Manue"]
[WhiteFideId "2096480"]
[BlackFideId "5115710"]
[WhiteElo "2422"]
[BlackElo "1748"]
[Result "1-0"]
[Round "04"]
[TimeControl "180+1"]
[Date "2022.02.09"]
[WhiteClock "0:01:16"]
[BlackClock "0:00:02"]

1. d4 Nf6 2. Bf4 d5 3. e3 e6 4. Nf3 Bd6 5. Bg3 c5 6. c3 Nc6 7. Bd3 O-O 8. Nbd2 a6 9. Qe2 b5 10. e4 dxe4 11. Nxe4 Bxg3 12. hxg3 g6 13. Nxc5 b4 14. Ne5 Nxe5 15. Qxe5 bxc3 16. bxc3 Nd5 17. Rc1 Qa5 18. Ne4 Bb7 19. O-O Rac8 20. c4 Qa3 21. cxd5 Qxd3 22. Nf6+ Kg7 23. Ne8+ Kh6 24. Rxc8 Bxc8 25. Qg7+ Kh5 26. Qxf8 1-0


[Site "https://www.chess.com"]

[Event "Late Titled Tuesday Blitz February 8 2022"]
[White "Pesotskiy, Mikhail"]
[Black "Ishbaev, Alibek"]
[WhiteFideId "34164453"]
[BlackFideId "14205017"]
[WhiteElo "2010"]
[BlackElo "2378"]
[Result "1-0"]
[Round "04"]
[TimeControl "180+1"]
[Date "2022.02.09"]
[WhiteClock "0:00:08"]
[BlackClock "0:00:05"]

1. d4 g6 2. c4 Bg7 3. e4 c6 4. Nc3 e6 5. Nf3 d5 6. Bd3 Ne7 7. O-O O-O 8. Bg5 h6 9. Bh4 dxe4 10. Nxe4 g5 11. Nfxg5 hxg5 12. Nxg5 Ng6 13. Qh5 Re8 14. Qh7+ Kf8 15. Nxe6+ Bxe6 16. Bxd8 Rxd8 17. Rfe1 Nf4 18. Bf1 Rxd4 19. Re4 Ng6 20. Rxd4 Bxd4 21. Rd1 c5 22. Re1 Bf5 23. Qh5 Bd7 24. Bd3 Nc6 25. Bxg6 fxg6 26. Qxg6 Re8 27. Rxe8+ Bxe8 28. Qd6+ Kg8 29. h4 Ne5 30. Qd5+ Bf7 31. Qxb7 Nxc4 32. b3 Ne5 33. Qxa7 Ng4 34. h5 Bxh5 35. Qb8+ Kg7 36. Qc7+ Kh6 37. a4 Nxf2 38. a5 Ne4+ 39. Kf1 Nd2+ 40. Ke1 Bc3 41. a6 Nxb3+ 42. Kf1 Nd2+ 43. Kf2 Bd4+ 44. Kg3 Ne4+ 45. Kh2 Nf2 46. a7 Ng4+ 47. Kg3 Bf2+ 48. Kh3 Ne3 49. a8=Q Bg4+ 50. Kh2 Nf1+ 51. Kh1 Ng3+ 52. Qxg3 Bxg3 53. Qc6+ Kg5 54. Qxc5+ Bf5 55. Qe3+ Bf4 56. Qe1 Kg4 57. Kg1 Bg3 58. Qe2+ Kg5 59. Qf3 Bf4 60. g3 Be5 61. Kf2 Bg4 62. Qe3+ Kf5 63. Qd3+ Kf6 64. Qe4 Bf5 65. Qc6+ Be6 66. Kf3 Kf5 67. g4+ Kf6 68. Ke4 Bg3 69. g5+ Kf7 70. Kf3 Be5 71. Ke4 Bg7 72. Qb7+ Kg6 73. Qe7 Bf5+ 74. Kf4 Bd3 75. Qe6+ Kh7 76. Kg4 Bg6 77. Kh4 Bh8 78. Qe7+ Bg7 79. Kg4 Kh8 80. Kf4 Kh7 81. Qe6 Bh5 82. Kf5 Bd1 83. g6+ Kh6 84. Qe3+ Kh5 85. Qh3# 1-0


[Site "https://www.chess.com"]

[Event "Late Titled Tuesday Blitz February 8 2022"]
[White "Plotkin, Mark"]
[Black "Erigaisi Arjun"]
[WhiteFideId "2611651"]
[BlackFideId "35009192"]
[WhiteElo "2178"]
[BlackElo "2745"]
[Result "1-0"]
[Round "04"]
[TimeControl "180+1"]
[Date "2022.02.08"]
[WhiteClock "0:00:15"]
[BlackClock "0:00:08"]

1. c4 e6 2. d4 c5 3. d5 exd5 4. cxd5 d6 5. Nc3 g6 6. Nf3 Bg7 7. g3 Ne7 8. Bg2 a6 9. a4 O-O 10. O-O Nd7 11. Nd2 Nf5 12. Nc4 Ne5 13. Nxe5 Bxe5 14. e4 Nd4 15. f4 Bg7 16. Be3 Qb6 17. Rf2 Re8 18. a5 Qb3 19. Qxb3 Nxb3 20. Re1 Nxa5 21. e5 Nc4 22. Ne4 Nxe3 23. Rxe3 dxe5 24. Nxc5 e4 25. Rd2 Bf5 26. Nxe4 Rad8 27. Kf2 b6 28. h3 h5 29. Kf3 Kf8 30. g4 hxg4+ 31. hxg4 Bd7 32. Bf1 f5 33. gxf5 gxf5 34. Ng5 Rxe3+ 35. Kxe3 Ke7 36. Bxa6 Re8 37. d6+ Kf6+ 38. Kf2 Ra8 39. Bc4 Ra4 40. b3 Rb4 41. Kg3 Kg6 42. Bf7+ Kf6 43. Bh5 Rxb3+ 44. Kh4 Bh6 45. Re2 Bf8 46. Nh7+ Kg7 47. Nxf8 Kxf8 48. Re7 Bc6 49. Rc7 Bb5 50. Kg5 Rd3 51. Be2 Rg3+ 52. Kf6 Ke8 53. Bxb5+ Kd8 54. Rd7+ Kc8 55. Re7 Rg8 56. Re8+ Rxe8 57. Bxe8 Kd8 58. Bb5 Kc8 59. Kxf5 Kb7 60. Ke4 Ka7 61. Kd5 Kb7 62. f5 Ka7 63. Ke6 1-0


[Site "https://www.chess.com"]

[Event "Late Titled Tuesday Blitz February 8 2022"]
[White "Poormosavi, Seyed Kian"]
[Black "Ramirez, Alejandro"]
[WhiteFideId "12585807"]
[BlackFideId "6500617"]
[WhiteElo "2116"]
[BlackElo "2694"]
[Result "0-1"]
[Round "04"]
[TimeControl "180+1"]
[Date "2022.02.09"]
[WhiteClock "0:00:13"]
[BlackClock "0:01:07"]

1. e4 e6 2. d3 d5 3. Nd2 c5 4. g3 Nc6 5. Bg2 g6 6. f4 Bg7 7. Ngf3 Nge7 8. O-O O-O 9. c3 b6 10. Qe1 Ba6 11. c4 Nb4 12. Qe2 dxc4 13. dxc4 Qd3 14. Rf2 Rad8 15. Bf1 Qc2 16. Ne1 Qa4 17. e5 Nf5 18. b3 Qd7 19. Ndf3 f6 20. Bb2 Bb7 21. exf6 Bxf6 22. Bxf6 Rxf6 23. Bg2 Nd4 24. Nxd4 Qxd4 25. Rb1 Bxg2 26. Nxg2 e5 27. fxe5 Qxf2+ 28. Qxf2 Rxf2 29. Kxf2 Rd2+ 30. Kf3 Rxa2 31. e6 Kf8 32. Rd1 Ke7 33. Nf4 Nc6 34. Rd7+ Kf6 35. Rf7+ Kg5 36. h4+ Kh6 37. e7 Nxe7 38. Rxe7 Rb2 39. Re3 a6 40. Ne6 b5 41. Nxc5 Rc2 42. Re4 a5 43. Kg4 Kg7 44. Ne6+ Kf6 45. cxb5 h5+ 46. Kh3 Rc3 47. Nf4 Kf5 48. Re6 Rxb3 49. Rxg6 a4 50. Ra6 a3 51. b6 Ke4 52. Nxh5 Kf3 53. b7 Rb1 54. Rxa3+ Kf2 55. Ra2+ Kf3 56. Ra7 Rh1# 0-1


[Site "https://www.chess.com"]

[Event "Late Titled Tuesday Blitz February 8 2022"]
[White "Potapova, Margarita"]
[Black "Kobalia, Mikhail"]
[WhiteFideId "14126869"]
[BlackFideId "4119150"]
[WhiteElo "2209"]
[BlackElo "2667"]
[Result "0-1"]
[Round "04"]
[TimeControl "180+1"]
[Date "2022.02.08"]
[WhiteClock "0:00:04"]
[BlackClock "0:00:45"]

1. d4 Nf6 2. c4 e6 3. Nc3 d5 4. Nf3 c6 5. Bg5 h6 6. Bxf6 Qxf6 7. e3 Nd7 8. Bd3 g6 9. O-O Bg7 10. e4 dxc4 11. Bxc4 O-O 12. Qe2 Qe7 13. Rad1 b5 14. Bb3 a5 15. Rfe1 a4 16. Bc2 a3 17. bxa3 Qxa3 18. Bb3 Qb4 19. Rc1 Bb7 20. h3 Rfd8 21. Red1 Rab8 22. e5 c5 23. dxc5 Nxc5 24. Rxd8+ Rxd8 25. Qc2 Nxb3 26. Qxb3 Qxb3 27. axb3 Rc8 28. b4 Bxf3 29. gxf3 Bxe5 30. Ne2 Rxc1+ 31. Nxc1 Bd6 32. Kf1 Bxb4 33. Nd3 Bd6 34. Ke2 Kg7 35. Ke3 Kf6 36. Nc1 Bc5+ 37. Ke2 Ke5 38. Nd3+ Kd4 39. Kd2 b4 40. Nc1 Kc4 41. Kc2 Bxf2 42. Nb3 Be3 0-1


[Site "https://www.chess.com"]

[Event "Late Titled Tuesday Blitz February 8 2022"]
[White "Proleiko, Julian"]
[Black "Derraugh, Geordie"]
[WhiteFideId "30900255"]
[BlackFideId "2603950"]
[WhiteElo "2116"]
[BlackElo "2116"]
[Result "0-1"]
[Round "04"]
[TimeControl "180+1"]
[Date "2022.02.09"]
[WhiteClock "0:00:10"]
[BlackClock "0:00:04"]

1. d4 Nf6 2. Nf3 g6 3. g3 Bg7 4. Bg2 O-O 5. O-O d5 6. b3 c5 7. Bb2 Ne4 8. c3 Nc6 9. Nbd2 Qa5 10. Nxe4 dxe4 11. Nd2 cxd4 12. cxd4 Nxd4 13. Nc4 Qc5 14. Rc1 f5 15. Ba3 Qc7 16. Nd6 Qd7 17. Nxc8 Raxc8 18. e3 Rxc1 19. Bxc1 e5 20. Bb2 Rd8 21. exd4 exd4 22. Qc2 d3 23. Qc4+ Qd5 24. Qxd5+ Rxd5 25. Bxg7 Kxg7 26. Rc1 Kf6 27. f4 Ra5 28. a4 b5 29. Kf2 bxa4 30. Rc6+ Ke7 31. bxa4 Rxa4 32. Ke3 Ra2 33. Bf1 Rxh2 34. Rc7+ Kd6 35. Rxa7 Rh1 36. Ra6+ Kc5 37. Ra1 h6 38. Rc1+ Kb4 39. Rd1 Kc3 40. Be2 Rxd1 41. Bxd1 g5 42. Bh5 gxf4+ 43. gxf4 Kc2 44. Bg6 d2 45. Bxf5 d1=Q 46. Bxe4+ Kc3 47. Bf3 Qd2+ 48. Ke4 Qd4+ 49. Kf5 Qe3 50. Kg4 Qe6+ 51. f5 Qf6 52. Kf4 Kd4 53. Bg4 Qg5+ 54. Kg3 Ke5 55. Kf3 Kf6 56. Kg3 h5 0-1


[Site "https://www.chess.com"]

[Event "Late Titled Tuesday Blitz February 8 2022"]
[White "Przybylski, Wojciech"]
[Black "Quirke, Jeffrey"]
[WhiteFideId "1117599"]
[BlackFideId "2013029"]
[WhiteElo "2133"]
[BlackElo "2248"]
[Result "0-1"]
[Round "04"]
[TimeControl "180+1"]
[Date "2022.02.09"]
[WhiteClock "0:00:09"]
[BlackClock "0:00:09"]

1. d4 d5 2. c4 e6 3. Nf3 Nf6 4. g3 Bb4+ 5. Nbd2 dxc4 6. Bg2 b5 7. O-O a5 8. a4 c6 9. axb5 cxb5 10. Ne5 Ra6 11. Ne4 Nxe4 12. Bxe4 O-O 13. e3 Qc7 14. f4 Bb7 15. Bc2 f5 16. g4 Nd7 17. b3 Nxe5 18. fxe5 Qc6 19. e4 fxe4 20. Be3 c3 21. Rxf8+ Bxf8 22. Qf1 b4 23. Qf4 Ra8 24. Rf1 Qd7 25. g5 Bd5 26. g6 hxg6 27. Bxe4 Bxe4 28. Qxe4 a4 29. bxa4 b3 30. Qd3 Rc8 31. a5 c2 32. Bc1 Qd5 33. a6 Bc5 34. Bb2 Ba7 35. Rc1 Rf8 36. Rf1 Rxf1+ 37. Kxf1 Qh1+ 38. Ke2 Qxh2+ 39. Ke3 Qg3+ 40. Kd2 Qxd3+ 41. Kxd3 g5 42. Kc3 Kf7 43. Kxb3 g4 44. Kxc2 g3 45. Bc1 Bxd4 46. Bf4 g2 47. Bh2 g1=Q 48. Bxg1 Bxg1 49. Kd3 Ba7 50. Kc4 Kg6 51. Kb5 Kf5 52. Kc6 Kxe5 53. Kb7 Bc5 54. Kc6 Bd4 55. Kb5 g5 56. Kc4 g4 57. Kd3 Ba7 58. Ke2 Kf4 59. Kf1 e5 60. Kg2 e4 61. Kh2 e3 62. Kg2 Ke4 63. Kf1 g3 64. Kg2 e2 65. Kh1 e1=Q+ 66. Kg2 Qf2+ 67. Kh3 g2 68. Kg4 g1=Q+ 69. Kh5 Qfh2# 0-1


[Site "https://www.chess.com"]

[Event "Late Titled Tuesday Blitz February 8 2022"]
[White "Punin, Andrii"]
[Black "Cunha, Lucas Aguiar"]
[WhiteFideId "14112639"]
[BlackFideId "2125404"]
[WhiteElo "2357"]
[BlackElo "2361"]
[Result "1-0"]
[Round "04"]
[TimeControl "180+1"]
[Date "2022.02.09"]
[WhiteClock "0:00:04"]
[BlackClock "0:00:05"]

1. d4 Nf6 2. Nf3 c5 3. e3 d5 4. Bd3 Nc6 5. O-O Bg4 6. c3 e6 7. Nbd2 c4 8. Bc2 b5 9. e4 Be7 10. e5 Nd7 11. h3 Bh5 12. Re1 Qb6 13. Nf1 Bg6 14. Bxg6 hxg6 15. Bg5 O-O-O 16. Bxe7 Nxe7 17. b4 cxb3 18. Qxb3 Nc6 19. Reb1 a6 20. a4 Na5 21. Qb4 Nc4 22. axb5 Qxb5 23. Qe7 Qc6 24. Qxf7 Rdf8 25. Qxg6 Rxf3 26. gxf3 Ndxe5 27. dxe5 Nxe5 28. Qg3 Rh5 29. Nh2 Rf5 30. Re1 Nf7 31. h4 e5 32. Ng4 Qe6 33. Ra2 e4 34. fxe4 dxe4 35. Rae2 Nd6 36. Rd2 Nc4 37. Rd4 e3 38. Nxe3 Rc5 39. Red1 Ne5 40. Rd8+ Kb7 41. Qxg7+ Rc7 42. Qg2+ Ka7 43. Qa8+ Kb6 44. R8d6+ 1-0


[Site "https://www.chess.com"]

[Event "Late Titled Tuesday Blitz February 8 2022"]
[White "Rangel, Daniel"]
[Black "Stoleriu, George"]
[WhiteFideId "2124475"]
[BlackFideId "1227505"]
[WhiteElo "2187"]
[BlackElo "2203"]
[Result "0-1"]
[Round "04"]
[TimeControl "180+1"]
[Date "2022.02.09"]
[WhiteClock "0:01:01"]
[BlackClock "0:01:33"]

1. c4 e5 2. g3 Nc6 3. Bg2 g6 4. Nc3 Bg7 5. e3 d6 6. Nge2 h5 7. h4 Be6 8. Nd5 Qd7 9. Nec3 Nd8 10. Nb5 Bxd5 11. Bxd5 c6 12. Nc3 cxd5 13. Nxd5 Ne7 14. Nc3 Qc6 15. O-O Qxc4 16. d4 O-O 17. d5 b5 18. a3 e4 19. Bd2 Nxd5 20. Rc1 Nxc3 21. Bxc3 Bxc3 22. Rxc3 Qe6 23. Qd4 Nb7 24. Rfc1 Nc5 25. b4 Nb3 26. Rxb3 Qxb3 27. Qxe4 Rac8 28. Rd1 Qxd1+ 0-1


[Site "https://www.chess.com"]

[Event "Late Titled Tuesday Blitz February 8 2022"]
[White "Reprintsev, Alexander"]
[Black "Kostiukov, Alexandr"]
[WhiteFideId "14100541"]
[BlackFideId "14108100"]
[WhiteElo "2126"]
[BlackElo "2202"]
[Result "1-0"]
[Round "04"]
[TimeControl "180+1"]
[Date "2022.02.09"]
[WhiteClock "0:00:04"]
[BlackClock "0:00:08"]

1. e4 c5 2. b3 g6 3. Bb2 Nf6 4. e5 Nd5 5. Nc3 Nc7 6. d4 cxd4 7. Qxd4 Nc6 8. Qe3 Bg7 9. Nf3 O-O 10. O-O-O d5 11. exd6 exd6 12. Bc4 Bg4 13. Rhe1 Bxf3 14. gxf3 Ne5 15. Be2 Qh4 16. f4 Bh6 17. Kb1 Bxf4 18. Qd4 Nc6 19. Qa4 Qh6 20. Bf3 Be5 21. Bxc6 bxc6 22. Qxc6 Ne6 23. Rxe5 dxe5 24. Ne4 Nd4 25. Rxd4 exd4 26. Nf6+ Kh8 27. Bxd4 Rad8 28. Ng4+ Rxd4 29. Nxh6 Kg7 30. Qc5 Rh4 31. Nf5+ gxf5 32. Qxa7 Rh6 33. Qd4+ f6 34. a4 Rf7 35. a5 Rg6 36. b4 Rg4 37. f4 Rg2 38. a6 Rc7 39. Qd3 Rg1+ 40. Kb2 Re7 41. b5 Re4 42. Kc3 Rb1 43. a7 Ra1 44. b6 Rea4 45. Qd7+ Kg6 46. Qe8+ Kh6 47. Qe6 R1a3+ 48. Kd2 Kh5 49. Qxf5+ Kh4 50. Qxf6+ Kh5 51. Qg7 Kh4 52. Qxh7+ Kg4 53. Qg6+ Kxf4 54. Qd3 Ke5 55. Qxa3 Rxa3 56. b7 Rxa7 57. b8=Q+ 1-0


[Site "https://www.chess.com"]

[Event "Late Titled Tuesday Blitz February 8 2022"]
[White "Romanchuk, Viktor"]
[Black "Triapishko, Alexandr"]
[WhiteFideId "14109271"]
[BlackFideId "14122286"]
[WhiteElo "2567"]
[BlackElo "2780"]
[Result "0-1"]
[Round "04"]
[TimeControl "180+1"]
[Date "2022.02.09"]
[WhiteClock "0:00:31"]
[BlackClock "0:01:32"]

1. d4 Nf6 2. c4 e6 3. Nc3 Bb4 4. e3 O-O 5. Ne2 Re8 6. a3 Bf8 7. Ng3 d5 8. Be2 b6 9. O-O c5 10. cxd5 exd5 11. dxc5 bxc5 12. Bf3 Bb7 13. b4 cxb4 14. axb4 Bxb4 15. Qb3 a5 16. Rd1 Nbd7 17. Nxd5 Nc5 18. Qc4 Nxd5 19. Bxd5 Bxd5 20. Rxd5 Qf6 21. Rb1 Na4 22. Rf5 Qe6 23. Qg4 Nc3 24. Ra1 g6 25. Bb2 Qb3 26. Bxc3 Bxc3 27. Rf1 a4 28. Rc5 a3 29. Ne4 Bg7 30. Nd6 Red8 31. Rc8 a2 32. Rxa8 Rxa8 0-1


[Site "https://www.chess.com"]